 Dungeon Crawl Stone Soup version 0.22-a0-305-gd21a89c (webtiles) character file.

10591 4thArraOfDagon the Martial Artist (level 11, -4/95 HPs)
             Began as a Yellow Draconian Wizard on Mar 31, 2018.
             Was a Priest of Fedhas.
             Slain by a six-headed hydra (8 damage)
             ... on level 11 of the Dungeon.
             The game lasted 00:32:34 (9308 turns).

4thArraOfDagon the Martial Artist (DrWz)            Turns: 9308, Time: 00:32:34

Health: -4/95      AC: 10    Str:  9    XL:     11   Next: 38%
Magic:  15/15      EV: 15    Int: 27    God:    Fedhas [***...]
Gold:   770        SH:  2    Dex:  9    Spells: 15/16 levels left

rFire    . . .     SeeInvis .     - Unarmed
rCold    + . .     Gourm    .   (no shield)
rNeg     . . .     Faith    .   (armour unavailable)
rPois    .         Spirit   .   a - +2 hat
rElec    +         Reflect  +   b - scarf {repulsion}
rCorr    +         Harm     .   (no gloves)
MR       .....                  F - +0 pair of boots (curse)
Stlth    ++........             y - amulet of Fedhas's Castigation {Reflect rElec Int+4 SH+2}
HPRegen  0.25/turn              s - ring of flight
MPRegen  0.14/turn              (no ring)

@: about to teleport, repel missiles
A: spit acid, acid resistance, unfitting armour, antennae 1, cold resistance 1,
cold-blooded, AC +7
a: Breathe Acid, Fungal Bloom, Evolution, Sunlight, Growth, Renounce Religion,
Evoke Flight


You were on level 11 of the Dungeon.
You worshipped Fedhas.
Fedhas was most pleased with you.
You were very hungry.

You visited 1 branch of the dungeon, and saw 11 of its levels.

You collected 770 gold pieces.

Inventory:

Hand Weapons
 d - a +1 whip of electrocution
Armour
 a - a +2 hat (worn)
 b - a scarf of repulsion (worn)
 u - a +0 cloak
 F - a cursed +0 pair of boots (worn)
Magical Staves
 o - an uncursed staff of power {!a}
 E - an uncursed staff of energy {!a}
Jewellery
 l - an uncursed ring of fire
 s - a ring of flight (left hand)
 y - the amulet of Fedhas's Castigation (around neck) {Reflect rElec Int+4 SH+2}
   (You found it on level 4 of the Dungeon)

   [amulet of reflection]

   It shields you and reflects attacks.
   It affects your intelligence (+4).
   It insulates you from electricity.
   It affects your SH (+2).
Wands
 f - a wand of polymorph (6)
 g - a wand of paralysis (4)
 x - a wand of iceblast (5)
 B - a wand of flame (24)
 D - a wand of digging (10)
Scrolls
 c - 2 scrolls of noise
 i - 4 scrolls of magic mapping {unknown}
 n - 3 scrolls of teleportation
 p - 3 scrolls of remove curse
 q - a scroll of enchant armour
 t - 2 scrolls of fear {unknown}
 A - 2 scrolls of immolation
 C - a scroll of silence
 H - a scroll of amnesia {unknown}
Potions
 e - a potion of haste
 h - 2 potions of magic
 j - 6 potions of curing
 m - a potion of lignification
 r - 3 potions of flight
 v - a potion of brilliance
 w - 4 potions of heal wounds
 z - 2 potions of cancellation
Comestibles
 k - 16 rations


   Skills:
 + Level 8.4 Fighting
 + Level 7.3 Dodging
 - Level 1.7 Stealth
 * Level 12.8 Unarmed Combat
 - Level 3.0 Spellcasting
 - Level 1.0 Conjurations
   Level 1.0 Summonings
   Level 1.0 Translocations
 + Level 6.2 Invocations


You had 15 spell levels left.
You knew the following spells:

 Your Spells              Type           Power        Failure   Level  Hunger
a - Magic Dart            Conj           #...         6%          1    None


Dungeon Overview and Level Annotations

Branches:
Dungeon (11/15)            Temple (0/1) D:4             Orc (0/2) D:9
   Lair: D:8-11

Altars:
Cheibriados
Elyvilon
Fedhas
Hepliaklqana
Makhleb
Sif Muna
Wu Jian
Yredelemnul
Zin

Shops:
D:9 %


Innate Abilities, Weirdness & Mutations

You can spit globs of acid.
You are resistant to acid.
Your golden yellow scales are hard. (AC +7)
You cannot fit into any form of body armour.
You are cold-blooded and may be slowed by cold attacks.
You have a pair of small antennae on your head.
Your flesh is cold resistant. (rC+)


Message History

A vampire comes into view.
Unknown command.
The vampire gestures wildly while chanting.
The vampire flickers and vanishes!
Deactivating autopickup; reactivate with Ctrl-A.
Unknown command.
Unknown command.
You have got your breath back.
As you read the scroll of teleportation, it crumbles to dust.
You feel strangely unstable.
The six-headed hydra bites you but does no damage.
The six-headed hydra barely misses you. The six-headed hydra bites you!
* * * LOW HITPOINT WARNING * * *
The six-headed hydra bites you!
* * * LOW HITPOINT WARNING * * *
The six-headed hydra bites you!
* * * LOW HITPOINT WARNING * * *
The six-headed hydra bites you!
You die...
Fedhas appreciates your contribution to the ecosystem.

#.#.#.##....#.###
#.#......รท..#####
#.###....#......#
........
#.####..##..###.#
.......#
#...........#.#.#
..(....#
#..###..###.#.#.#
.......# #..# #..#
#...#.# .......###..#
#.D# #.#.#.#
.......#....#
#.@###.#.#.#
.......#.##.#
#......#.#.#
.......#.##.#
#.#.##.#...#
.......#.##.#
#..<...#.###
.....)......############
...................
........###########
....>.... ......#...


You could see a six-headed hydra.

Vanquished Creatures
  A hydra (D:9)
  A two-headed ogre (D:8)
  Pikel (D:4)
  The ghost of TheNamelessOne the Chopper, a novice DsCK of Xom (D:6)
  A troll (D:9)
  The ghost of TheNamelessOne the Skirmisher, an amateur DsCK of Xom (D:4)
  4 hippogriffs
  7 yaks
  Grum (D:9)
  Menkaure (D:5)
  4 hungry ghosts
  2 water moccasins (D:7)
  3 orc warriors
  2 sky beasts
  Duvessa (D:6)
  A black bear (D:6)
  4 phantoms
  A slave (D:4)
  An ice beast (D:5)
  10 ogres
  4 wolves (D:9)
  5 centaurs
  Blork the orc (D:4)
  3 big kobolds
  7 bullfrogs
  Dowan (D:6)
  3 scorpions
  4 wights (D:9)
  3 howler monkeys
  5 crimson imps
  2 jellies
  2 bullfrog skeletons
  3 hounds
  A bullfrog zombie (D:7)
  Crazy Yiuf (D:6)
  5 orc priests
  3 centaur skeletons
  9 iguanas
  10 orc wizards
  A worker ant (D:8)
  A hound skeleton (D:5)
  A worker ant zombie (D:3)
  11 adders
  2 howler monkey skeletons
  2 oozes
  2 adder zombies (D:8)
  An adder skeleton (D:9)
  3 worms
  A leopard gecko (D:4)
  41 orcs
  8 bats
  4 giant cockroaches
  7 hobgoblins
  14 jackals
  14 kobolds
  3 quokkas
  5 frilled lizards
  A goblin (D:3)
  2 leopard gecko skeletons
  A quokka skeleton (D:7)
  7 rats
252 creatures vanquished.

Vanquished Creatures (others)
  A fungus (D:6)
  147 toadstools
148 creatures vanquished.

Grand Total: 400 creatures vanquished

Notes
Turn   | Place    | Note
-------+----------+-------------------------------------------
     0 | D:1      | 4thArraOfDagon the Draconian Wizard began the quest for the Orb.
     0 | D:1      | Reached XP level 1. HP: 14/14 MP: 4/4
   105 | D:1      | You fall through a shaft!
   114 | D:2      | :O
   197 | D:2      | You fall through a shaft for 2 floors!
   198 | D:4      | :O
   470 | D:4      | Noticed a scorpion
   477 | D:4      | Reached skill level 1 in Unarmed Combat
   521 | D:4      | Noticed a howler monkey
   547 | D:4      | Killed a howler monkey
   547 | D:4      | Reached skill level 3 in Unarmed Combat
   547 | D:4      | Reached XP level 2. HP: 20/20 MP: 6/6
   547 | D:4      | Reached XP level 3. HP: 26/26 MP: 7/7
   637 | D:5      | Entered Level 5 of the Dungeon
   670 | D:5      | Noticed a phantom
   816 | D:5      | Noticed Menkaure
   912 | D:6      | Noticed Duvessa
   912 | D:6      | Noticed Dowan
   912 | D:6      | Noticed a bullfrog
   963 | D:5      | Killed a bullfrog
   963 | D:5      | Reached skill level 4 in Unarmed Combat
   963 | D:5      | Reached XP level 4. HP: 5/33 MP: 8/8
  1278 | D:4      | Noticed an ogre
  1340 | D:5      | Reached XP level 5. HP: 9/38 MP: 1/9
  1430 | D:5      | Noticed an ice beast
  1450 | D:6      | Reached skill level 5 in Unarmed Combat
  1809 | D:6      | Noticed a black bear
  1824 | D:6      | Killed a black bear
  1824 | D:6      | Reached skill level 6 in Unarmed Combat
  1824 | D:6      | Reached XP level 6. HP: 45/45 MP: 10/10
  1931 | D:7      | Noticed a hungry ghost
  1933 | D:7      | Noticed an orc warrior
  2134 | D:6      | Found a runed door.
  2185 | D:6      | Reached skill level 7 in Unarmed Combat
  2203 | D:6      | Your scales start taking on a golden yellow colour.
  2203 | D:6      | Reached XP level 7. HP: 33/50 MP: 9/11
  2622 | D:7      | Noticed a hippogriff
  2640 | D:6      | Killed a hippogriff
  2640 | D:6      | Reached skill level 1 in Fighting
  2729 | D:7      | Reached skill level 8 in Unarmed Combat
  2828 | D:7      | Reached XP level 8. HP: 28/62 MP: 6/12
  3281 | D:7      | Found a white marble altar of Elyvilon.
  3411 | D:7      | Reached skill level 9 in Unarmed Combat
  3425 | D:7      | Noticed a hippogriff
  3448 | D:7      | Killed a hippogriff
  3595 | D:7      | Reached XP level 9. HP: 56/72 MP: 13/13
  3714 | D:5      | Killed Menkaure
  3714 | D:5      | Reached skill level 10 in Unarmed Combat
  3748 | D:5      | Reached skill level 5 in Fighting
  3909 | D:4      | Found a blossoming altar of Fedhas.
  3910 | D:4      | Found a hazy altar of Hepliaklqana.
  3915 | D:4      | Became a worshipper of Fedhas Madash
  4494 | D:1      | Reached * piety under Fedhas
  5181 | D:3      | Reached skill level 5 in Dodging
  5207 | D:3      | Found a burning altar of Makhleb.
  5207 | D:3      | Noticed a blizzard demon
  5208 | D:3      | Gained mutation: You have a pair of small antennae on your head. [potion of mutation]
  5208 | D:3      | Gained mutation: Your flesh is cold resistant. (rC+) [potion of mutation]
  5208 | D:3      | Gained mutation: You are dopey. (Int -2) [potion of mutation]
  5208 | D:3      | Lost mutation: You are dopey. (Int -2) [potion of mutation]
  5549 | D:3      | Reached skill level 1 in Invocations
  5612 | D:4      | Identified the amulet of Fedhas's Castigation {Reflect rElec Int+4 SH+2} (You found it on level 4 of the Dungeon)
  5636 | D:4      | Noticed TheNamelessOne's ghost (amateur DsCK)
  5659 | D:4      | Killed TheNamelessOne's ghost
  5763 | D:4      | Noticed Pikel
  5797 | D:4      | Killed Pikel
  5819 | D:4      | Found a basalt altar of Yredelemnul.
  5819 | D:4      | Found a snail-covered altar of Cheibriados.
  5856 | D:4      | Found a staircase to the Ecumenical Temple.
  5922 | D:4      | Noticed Blork the orc
  5929 | D:4      | Killed Blork the orc
  5929 | D:4      | Reached skill level 11 in Unarmed Combat
  6164 | D:6      | Noticed TheNamelessOne's ghost (novice DsCK)
  6395 | D:6      | Killed Duvessa
  6395 | D:6      | Reached XP level 10. HP: 77/84 MP: 14/14
  6400 | D:6      | Killed Dowan
  6463 | D:6      | Killed TheNamelessOne's ghost
  6699 | D:6      | Noticed Crazy Yiuf
  6704 | D:6      | Killed Crazy Yiuf
  6811 | D:8      | Reached ** piety under Fedhas
  7182 | D:8      | Noticed a two-headed ogre
  7191 | D:8      | Killed a two-headed ogre
  7193 | D:8      | jacquesderrida: Da
  7262 | D:8      | Found a deep blue altar of Sif Muna.
  7291 | D:8      | Found an ornate altar of the Wu Jian Council.
  7429 | D:8      | Found a glowing silver altar of Zin.
  7432 | D:8      | darksquall: ja nie poniemaja
  7580 | D:9      | Reached skill level 12 in Unarmed Combat
  7617 | D:9      | Found a staircase to the Orcish Mines.
  7617 | D:9      | Noticed Grum
  7632 | D:9      | Killed Grum
  7632 | D:9      | Reached skill level 5 in Invocations
  7663 | D:9      | Noticed a six-headed hydra
  7683 | D:9      | Killed a six-headed hydra
  7694 | D:9      | Reached XP level 11. HP: 18/93 MP: 15/15
  7986 | D:9      | Found Violoite's Food Shoppe.
  8174 | D:9      | Reached *** piety under Fedhas
  8547 | D:10     | Entered Level 10 of the Dungeon
  8980 | D:10     | jacquesderrida: Agree
  9249 | D:11     | Noticed a six-headed hydra
  9308 | D:11     | HP: 4/95 [six-headed hydra (7)]
  9308 | D:11     | Slain by a six-headed hydra

Vault maps used:
D:1:      dpeg_arrival_leaves_temple_mockup, minmay_tiny_reverse_x
D:2:      first_ration, lightli_corner_chamber
D:3:      makhleb_altar_promises_db, glass_columns_b
D:4:      amethyst_overflow_temple_binary, overflow_temple_1_default,
          gammafunk_temple_overflow_statue, minmay_temple_entry_mist,
          grunt_tough_drop, uniq_blork_the_orc, uniq_pikel
D:5:      uniq_menkaure
D:6:      minmay_misc_feat_cross, hangedman_minor_gate_pass, uniq_duvessa,
          uniq_crazy_yiuf_cottage
D:7:      kennysheep_little_box, grunt_ogre_cave
D:8:      zin_treasury, kennysheep_mini, old_standard_altar, st_stairs_9,
          hangedman_decor_push, minmay_joined_circles
D:9:      minmay_orc_entry_temple_large, serial_shops, nicolae_shop_trees,
          uniq_grum
D:11:     minmay_lair_entry_lava

Skill      XL: |  1  2  3  4  5  6  7  8  9 10 11 |
---------------+----------------------------------+-----
Unarmed Combat | 3 4 6 7 8 9 11 12 | 12.8
Dodging        | 3 4 5 6 7 |  7.3
Fighting       | 2 4 6 7 8 |  8.4
Invocations    | 3 5 6 |  6.2
Stealth        | |  1.7
Spellcasting   | |  3.0
Conjurations   | |  1.0
Summonings     | |  1.0
Translocations | |  1.0

Action                   |  1- 3 |  4- 6 |  7- 9 | 10-12 || total
-------------------------+-------+-------+-------+-------++-------
Melee: Whip              |    26 |    77 |       |       ||   103
       Tailslap          |     2 |     3 |    31 |    29 ||    65
       Punch             |       |     1 |     7 |    11 ||    19
       Unarmed           |       |     7 |   427 |   469 ||   903
Throw: Throwing net      |       |       |     1 |     1 ||     2
 Cast: Magic Dart        |     5 |    17 |       |       ||    22
Invok: Fungal Bloom      |       |       |    20 |    28 ||    48
 Abil: Breathe Acid      |       |       |    33 |    25 ||    58
Evoke: Wand              |       |     5 |     2 |    12 ||    19
  Use: Scroll            |     4 |     3 |    10 |     6 ||    23
       Potion            |     4 |     1 |     3 |     3 ||    11
 Stab: Sleeping          |       |       |     2 |     2 ||     4
       Paralysed         |       |       |       |    11 ||    11
  Eat: Ration            |       |     1 |     1 |       ||     2
       Chunk             |       |       |    21 |    14 ||    35
Armor: Skin              |    18 |    57 |    89 |   124 ||   288
Dodge: Dodged            |    17 |    47 |   223 |   203 ||   490
       Deflected         |       |       |     5 |       ||     5
Block: Other             |       |       |     3 |    25 ||    28

Table legend:
 A = Spawn XP
 B = Non-spawn XP
 C = Spawn XP percentage of total XP
 D = Spawn monster count
 E = Non-spawn monster count
 F = Spawn count percentage of total count
 G = Total turns spent on level
                    A         B        C        D         E        F      G
               +---------+---------+-------+---------+---------+-------+---------
         Total |       0 |   15131 |   0.0 |       0 |     251 |   0.0 |  9308
               +---------+---------+-------+---------+---------+-------+---------
           D:1 |       0 |      35 |   0.0 |       0 |      18 |   0.0 |   726
           D:2 |       0 |      68 |   0.0 |       0 |      18 |   0.0 |   579
           D:3 |       0 |     103 |   0.0 |       0 |      18 |   0.0 |   478
           D:4 |       0 |    1505 |   0.0 |       0 |      24 |   0.0 |   967
           D:5 |       0 |     619 |   0.0 |       0 |       9 |   0.0 |  1064
           D:6 |       0 |    2522 |   0.0 |       0 |      32 |   0.0 |  2218
           D:7 |       0 |    1596 |   0.0 |       0 |      22 |   0.0 |   751
           D:8 |       0 |    2447 |   0.0 |       0 |      28 |   0.0 |   719
           D:9 |       0 |    3894 |   0.0 |       0 |      47 |   0.0 |  1073
          D:10 |       0 |    2002 |   0.0 |       0 |      32 |   0.0 |   578
          D:11 |       0 |     340 |   0.0 |       0 |       3 |   0.0 |   155
               +---------+---------+-------+---------+---------+-------+---------
